 Dungeon Crawl Stone Soup version 0.20-a0-723-gf57855b (webtiles) character file.

8777 Kiturien the Zephyrmancer (level 11, -6/54 HPs)
             Began as a Tengu Air Elementalist on Feb 21, 2017.
             Was a Follower of Vehumet.
             Mangled by a minotaur (9 damage)
             ... in a labyrinth on Feb 22, 2017.
             The game lasted 01:29:15 (12942 turns).

Kiturien the Zephyrmancer (Tengu Air Elementalist) Turns: 12942, Time: 01:29:23

Health: -6/54      AC:  8    Str:  8    XL:     11   Next: 36%
Magic:  0/35       EV: 18    Int: 18    God:    Vehumet [*.....]
Gold:   625        SH: 12    Dex: 16    Spells: 14/30 levels left

rFire    . . .     SeeInvis .   v - +1 spear (venom)
rCold    + . .     Gourm    .   s - +2 robe {MR+}
rNeg     . . .     Faith    .   K - +0 buckler
rPois    .         Spirit   +   (helmet restricted)
rElec    .         Reflect  +   f - scarf {Spirit}
rCorr    .         Harm     .   u - +0 pair of gloves
MR       ++...                  (boots unavailable)
Stlth    ++........             I - +6 amulet of reflection
Regen    0.2/turn               l - ring of protection from cold
MPRegen  0.3/turn               F - ring of magical power

@: swift (expiring), very slightly contaminated, very quick
A: beak, talons 3, icy blue scales 2, magic resistance 1, able to fly 1
a: Fly, Renounce Religion


You were in a labyrinth.
You worshipped Vehumet.
Vehumet was aware of your devotion.
You were not hungry.

You visited 2 branches of the dungeon, and saw 12 of its levels.
You also visited: Labyrinth.

You collected 625 gold pieces.

Inventory:

Hand Weapons
 v - a +1 spear of venom (weapon)
 C - a +5 scimitar
 Q - a +0 rapier of speed
 W - a +2 spear of flaming
Missiles
 k - 3 exploding tomahawks (quivered)
Armour
 e - a +0 shield
 f - a scarf of spirit shield (worn)
 s - a +2 robe of magic resistance (worn)
 u - a +0 pair of gloves (worn)
 K - a +0 buckler (worn)
Magical Staves
 T - an uncursed staff of cold
Jewellery
 l - a ring of protection from cold (right hand)
 m - an uncursed ring of magical power
 F - a ring of magical power (left hand)
 I - a +6 amulet of reflection (around neck)
 M - a +3 ring of strength
 O - an uncursed ring of positive energy
Wands
 d - a wand of lightning (1/15)
 p - a wand of confusion (17/48)
 y - a wand of scattershot (0/9)
 L - a wand of paralysis (9/24)
 R - a wand of iceblast (10/15)
Scrolls
 a - 2 scrolls of immolation
 o - 3 scrolls of magic mapping
 w - 6 scrolls of teleportation
 D - a scroll of fear {unknown}
 H - 2 scrolls of remove curse
 P - a scroll of blinking {unknown}
 S - a scroll of silence {unknown}
 V - 2 scrolls of fog {unknown}
 Z - a scroll of vulnerability {unknown}
Potions
 h - 7 potions of curing
 i - 2 potions of heal wounds
 n - a potion of resistance
 q - 2 potions of brilliance
 t - 2 potions of flight
 z - 2 potions of agility
 A - 2 potions of haste
 B - 2 potions of mutation
 G - 2 potions of invisibility
 J - a potion of ambrosia
 Y - a potion of berserk rage
Books
 b - a book of Air

   Spells                             Type                      Level
   a - Shock                          Conjuration/Air              1
   b - Swiftness                      Charms/Air                   2
   c - Static Discharge               Conjuration/Air              3
   d - Airstrike                      Air                          4
   e - Lightning Bolt                 Conjuration/Air              5
 E - a book of Changes

   Spells                             Type                      Level
   a - Beastly Appendage              Transmutation                1
   b - Sticks to Snakes               Transmutation                2
   c - Spider Form                    Transmutation/Poison         3
   d - Ice Form                       Ice/Transmutation            4
   e - Blade Hands                    Transmutation                5
Miscellaneous
 U - a phantom mirror
Comestibles
 c - 11 bread rations
 g - 3 royal jellies
 j - 6 meat rations
 r - 8 fruits


   Skills:
 - Level 8.2 Dodging
 - Level 2.0 Stealth
 - Level 7.0 Shields
 + Level 10.0 Spellcasting
 * Level 7.1 Conjurations
 - Level 1.0 Charms
 * Level 10.3 Air Magic


You had 14 spell levels left.
You knew the following spells:

 Your Spells              Type           Power        Failure   Level  Hunger
a - Shock                 Conj/Air       ####         1%          1    None
b - Swiftness             Chrm/Air       ####....     1%          2    None
c - Static Discharge      Conj/Air       #####...     1%          3    None
d - Airstrike             Air            #####.....   1%          4    ###....
e - Lightning Bolt        Conj/Air       #####.....   8%          5    #####..
f - Freeze                Ice            #...         10%         1    None


Dungeon Overview and Level Annotations

Branches:
Dungeon (11/15)            Temple (1/1) D:4            Lair (0/6) D:11
    Orc (0/2) D:11

Altars:
Ashenzari
Cheibriados
Dithmenos
Elyvilon
Fedhas
Gozag
Hepliaklqana Ieoh Jian
Kikubaaqudgha
Makhleb
Nemelex Xobeh
Okawaru
Qazlal
Ru
Sif Muna
Trog
Uskayaw
Vehumet
Xom
Yredelemnul
Zin
The Shining One

Shops:
D:10 %   D:11 =


Innate Abilities, Weirdness & Mutations

You have a beak for a mouth.
You have claws for feet.
You can fly.
You are mostly covered in icy blue scales. (AC +3)
You are resistant to hostile enchantments. (MR+)


Message History

Casting: Airstrike
Confirm with . or Enter, or press ? or * to list all spells.
Aiming: Airstrike
Press: ? - help, Dir - move target cursor, f/p - minotaur
Aim: a minotaur (severely wounded)
The air twists around and strikes the minotaur!
The minotaur is severely wounded.
The minotaur hits you! The minotaur gores you!
Casting: Airstrike
Confirm with . or Enter, or press ? or * to list all spells.
Aiming: Airstrike
Press: ? - help, Dir - move target cursor, f/p - minotaur
Aim: a minotaur (severely wounded)
The air twists around and strikes the minotaur!
The minotaur is almost dead.
The minotaur hits you!!
Ouch! That really hurt!
* * * LOW HITPOINT WARNING * * *
The minotaur gores you!
You die...

# # # .. #.
####. ... . . #
.. ##########..#
#.
#..#........#...
..#.######H# ..
# .#.# #@# 8..#
..#.#.#### #.#
.... # #.....
#.#.. . . .####
###.# .. . . .
.. ..# ##.# # #
# ###.. .# . ..
. . . # # #..
#..... .# # #. #
#.## ##. .


You could see a minotaur.

Vanquished Creatures
  A two-headed ogre (D:8)
  The ghost of mora the Markscentaur, a novice CeHu of Gozag (D:10)
  A hornet (D:7)
  A troll (D:9)
  2 hippogriffs
  A wyvern (D:9)
  A wraith (D:11)
  A spriggan (D:9)
  A shadow (Lab)
  3 yaks (D:10)
  The ghost of mora the Archer, an amateur CeHu (D:4)
  4 basilisks (Lab)
  Duvessa (D:4)
  2 sky beasts
  2 orc warriors
  4 ice beasts
  2 black bears (D:7)
  3 ogres
  3 phantoms
  3 centaurs
  3 big kobolds
  A gnoll sergeant (D:9)
  4 bullfrogs
  Dowan (D:4)
  A water moccasin zombie (D:7)
  A wyvern zombie (D:9)
  3 scorpions
  9 killer bees (D:8)
  8 wights
  A troll skeleton (Lab)
  A spriggan skeleton (Lab)
  2 howler monkeys (D:7)
  7 crimson imps
  2 bullfrog zombies
  A centaur zombie (D:8)
  4 hounds
  6 orc wizards
  A centaur skeleton (D:5)
  2 jellies
  4 iguanas
  6 worker ants
  A hound zombie (D:7)
  A hound skeleton (D:9)
  A worker ant zombie (D:10)
  13 gnolls
  A howler monkey skeleton (D:10)
  14 adders
  6 shadow imps
  2 adder skeletons
  3 worms
  4 dart slugs
  7 leopard geckos
  14 orcs
  9 bats
  7 giant cockroaches
  9 goblins
  4 hobgoblins
  14 jackals
  3 quokkas
  6 frilled lizards
  13 kobolds
  An orc zombie (D:5)
  10 rats
249 creatures vanquished.

Vanquished Creatures (others)
  2 centaurs
  A worker ant (D:7)
  An adder (D:7)
  A leopard gecko (D:7)
5 creatures vanquished.

Grand Total: 254 creatures vanquished

Notes
Turn   | Place    | Note
-------+----------+-------------------------------------------
     0 | D:1      | Kiturien the Tengu Air Elementalist began the quest for the Orb.
     0 | D:1      | Reached XP level 1. HP: 10/10 MP: 4/4
   159 | D:1      | Reached XP level 2. HP: 15/15 MP: 0/6
   893 | D:2      | Found a deep blue altar of Sif Muna.
   911 | D:2      | Reached XP level 3. HP: 19/19 MP: 4/8
  1393 | D:2      | Reached XP level 4. HP: 24/24 MP: 7/10
  1451 | D:2      | Found a sacrificial altar of Ru.
  1707 | D:3      | Learned a level 2 spell: Swiftness
  1711 | D:3      | Learned a level 3 spell: Static Discharge
  1716 | D:3      | Learned a level 4 spell: Airstrike
  1975 | D:3      | Found a hide-covered altar of Uskayaw.
  2360 | D:2      | Gained mutation: You can fly. [Tengu growth]
  2360 | D:2      | Reached XP level 5. HP: 5/28 MP: 0/12
  2952 | D:3      | Reached skill level 5 in Air Magic
  3167 | D:3      | Reached skill level 1 in Charms
  3207 | D:3      | Reached XP level 6. HP: 24/32 MP: 8/13
  3405 | D:4      | Found a blossoming altar of Fedhas.
  3828 | D:4      | Found a staircase to the Ecumenical Temple.
  3838 | D:4      | Reached skill level 1 in Shields
  3841 | Temple   | Entered the Ecumenical Temple
  4132 | D:4      | Noticed mora's ghost (amateur CeHu)
  4154 | D:5      | Entered Level 5 of the Dungeon
  4274 | D:4      | Found a glowing silver altar of Zin.
  4275 | D:4      | Found a hazy altar of Hepliaklqana.
  4303 | D:4      | Noticed a moth of wrath
  4304 | D:4      | Noticed Duvessa
  4305 | D:4      | Noticed Dowan
  4317 | D:4      | Killed Duvessa
  4322 | D:4      | Killed Dowan
  4322 | D:4      | Reached XP level 7. HP: 4/36 MP: 0/14
  4689 | D:4      | Found a bloodstained altar of Trog.
  4961 | D:4      | Killed mora's ghost
  4961 | D:4      | Reached skill level 5 in Shields
  5512 | D:5      | Reached skill level 5 in Spellcasting
  5518 | D:5      | Reached XP level 8. HP: 40/41 MP: 8/16
  5644 | D:5      | Upgraded the game from 0.20-a0-705-gbe8799e to 0.20-a0-723-gf57855b
  6298 | D:6      | Learned a level 5 spell: Lightning Bolt
  6503 | D:6      | Found a burning altar of Makhleb.
  7065 | D:7      | Found a sparkling altar of Nemelex Xobeh.
  7065 | D:7      | Noticed a hornet
  7073 | D:7      | Killed a hornet
  7073 | D:7      | Reached skill level 5 in Conjurations
  7073 | D:7      | Reached XP level 9. HP: 40/45 MP: 13/19
  7835 | D:7      | Reached skill level 10 in Air Magic
  7942 | D:7      | Found a shimmering altar of Xom.
  8386 | D:8      | Found an iron altar of Okawaru.
  8448 | D:8      | Found a basalt altar of Yredelemnul.
  8877 | D:8      | Reached XP level 10. HP: 48/50 MP: 20/20
  9059 | D:8      | Reached skill level 5 in Dodging
  9175 | D:8      | Noticed a two-headed ogre
  9613 | D:8      | Killed a two-headed ogre
  9798 | D:8      | Gained mutation: You are partially covered in icy blue scales. (AC +2) [potion of mutation]
  9798 | D:8      | Gained mutation: You are resistant to hostile enchantments. (MR+) [potion of mutation]
  9798 | D:8      | Gained mutation: You are mostly covered in icy blue scales. (AC +3) [potion of mutation]
 10168 | D:9      | Found a white marble altar of Elyvilon.
 10168 | D:9      | Found a radiant altar of Vehumet.
 10180 | D:9      | Became a worshipper of Vehumet
 11033 | D:10     | Entered Level 10 of the Dungeon
 11200 | D:10     | Reached * piety under Vehumet
 11200 | D:10     | Offered knowledge of Freeze by Vehumet.
 11203 | D:10     | Learned a level 1 spell: Freeze
 11459 | D:10     | Found Ojahon Wufe's Food Boutique.
 11460 | D:10     | Noticed mora's ghost (novice CeHu)
 11475 | D:10     | Killed mora's ghost
 11475 | D:10     | Reached XP level 11. HP: 43/54 MP: 4/24
 12305 | D:11     | Found Diodecod's Jewellery Emporium.
 12357 | D:11     | Found a labyrinth entrance.
 12408 | Lab      | Entered a labyrinth
 12763 | Lab      | Reached skill level 10 in Spellcasting
 12922 | Lab      | Noticed a minotaur
 12942 | Lab      | Mangled by a minotaur

Vault maps used:
D:1:      lemuel_arrival_tunnels, serial_forest,
          infiniplex_forest_clump_diagonal, infiniplex_forest_clump_C,
          infiniplex_forest_lined_corner, infiniplex_forest_end_1,
          infiniplex_forest_straight_3, infiniplex_forest_join,
          infiniplex_forest_clump_cross, grunt_decor_resistance,
          corexii_corridor_pit
D:2:      lemuel_blue_sif_altar, lemuel_round_altar
D:3:      eat_drink_and_be_merry_uskayaw
D:4:      tgw_trog, grunt_temple_overflow_open, temple_green, fedhas_altar_4,
          uniq_duvessa
D:5:      first_bread, enter_ossuary_3, eino_curves_04
D:6:      lemuel_coloured_pillars_altar
D:7:      xom_confusion_cloud, lemuel_crystal_altar
D:8:      okawaru_gym_becter, lemuel_crystal_altar
D:9:      gammafunk_temple_overflow_pools, the_bakery
D:10:     serial_shops, nicolae_shop_trees, grunt_decor_clamped
D:11:     david_lair_shrubbed, orc_0_dummy, lab_entry_generic, serial_shops,
          nicolae_shop_waterfront, uniq_grum
Temple:   jpeg_temple_island
Lab:      labyrinth_spiral, nicolae_lab_statue, nicolae_lab_diamond,
          nicolae_lab_dead_end, labyrinth_skeletal_remains,
          nicolae_lab_big_swirl, lab_statue, nicolae_lab_stuck, nicolae_lab_x,
          labyrinth_glass_1

Skill      XL: |  1  2  3  4  5  6  7  8  9 10 11 |
---------------+----------------------------------+-----
Spellcasting   | 3 4 5 6 8 10 | 10.0
Conjurations   | 2 5 7 |  7.1
Air Magic      | 6 8 10 | 10.3
Charms         | 1 |  1.0
Shields        | 3 5 6 7 |  7.0
Dodging        | 4 8 |  8.2
Stealth        | |  2.0

Action                   |  1- 3 |  4- 6 |  7- 9 | 10-12 || total
-------------------------+-------+-------+-------+-------++-------
Melee: Kick              |     5 |     5 |     7 |    19 ||    36
       Dagger            |     9 |     9 |       |       ||    18
       Peck              |     2 |     1 |     4 |    11 ||    18
       Unarmed           |     2 |       |       |       ||     2
       Spear             |       |    18 |    28 |    80 ||   126
Throw: Tomahawk          |       |       |     1 |       ||     1
 Cast: Shock             |    75 |   133 |   284 |   243 ||   735
       Swiftness         |       |     1 |       |     3 ||     4
       Airstrike         |       |       |    15 |    18 ||    33
       Static Discharge  |       |       |     3 |    20 ||    23
       Lightning Bolt    |       |       |       |     5 ||     5
 Abil: Fly               |       |       |       |     1 ||     1
Evoke: Wand              |       |     1 |       |     1 ||     2
  Use: Scroll            |     5 |     3 |     1 |    12 ||    21
       Potion            |     2 |       |       |     1 ||     3
  Eat: Chunk             |     2 |     9 |    11 |    13 ||    35
       Bread ration      |       |       |     1 |       ||     1
       Meat ration       |       |       |       |     1 ||     1
Armor: Robe              |    13 |     9 |    22 |    31 ||    75
Dodge: Dodged            |    21 |    46 |    69 |    88 ||   224
Block: Shield            |       |     4 |    19 |       ||    23
       Buckler           |       |       |     7 |    95 ||   102
       Reflection        |       |       |     1 |     7 ||     8
